 Dungeon Crawl Stone Soup version 0.18-a0-946-g3ac5b32 (webtiles) character file.

3351 Morbidden the Transmogrifier (level 9, -1/108 HPs)
             Began as a White Draconian Transmuter on Dec 29, 2015.
             Was a Believer of Okawaru.
             Slain by a hound (4 damage)
             ... on level 9 of the Dungeon.
             The game lasted 00:34:56 (7450 turns).

Morbidden the Transmogrifier (DrTm)                 Turns: 7450, Time: 00:34:57

Health: -1/108     AC: 24    Str: 12    XL:     9   Next: 72%
Magic:  10/12      EV:  2    Int: 22    God:    Okawaru [**....]
Gold:   456        SH:  0    Dex: 12    Spells: 3 memorised, 5 levels left

rFire  + . .     SeeInvis .       - Unarmed
rCold  . . .     Gourm    .     (armour unavailable)
rNeg   + + +     Faith    .     (no shield)
rPois  +         Spirit   .     (helmet currently unavailable)
rElec  .         Dismiss  .     (cloak currently unavailable)
rCorr  .         Reflect  .     (gloves currently unavailable)
SustAt .         Harm     .     (boots currently unavailable)
MR     .....     NoTele   +     i - amulet of regeneration
Stlth  +.........               w - ring of protection from fire
                                v - +5 ring of intelligence

@: lethally poisoned (-1 -> -1), tree-form, not resistant to hostile
enchantments, very unstealthy
A: (breathe frost), unfitting armour, (cold resistance 0), (cold-blooded), AC +7
a: Heroism, Renounce Religion


You were on level 9 of the Dungeon.
You worshipped Okawaru.
Okawaru was pleased with you.
You were not hungry.
You were a tree.
You visited 2 branches of the dungeon, and saw 10 of its levels.

You collected 456 gold pieces.

Inventory:

Missiles
 a - 35 arrows
Armour
 y - a +0 pair of gloves (melded)
 C - a +0 cloak (melded)
Jewellery
 i - an amulet of regeneration (around neck)
 t - an uncursed ring of magical power
 v - a +5 ring of intelligence (left branch)
 w - a ring of protection from fire (right branch)
Wands
 G - a wand of cold (7/15)
 H - a wand of disintegration (1/24)
Scrolls
 d - a scroll of enchant armour {unknown}
 e - 2 scrolls of remove curse {unknown}
 h - a scroll of amnesia
 j - a scroll of magic mapping {unknown}
 k - a scroll of noise {unknown}
 l - 5 scrolls of teleportation
 m - 2 scrolls of enchant weapon {unknown}
 n - 8 scrolls of identify
 s - a scroll of blinking {unknown}
 u - a scroll of fog
 A - a scroll of immolation {unknown}
Potions
 q - a potion of poison {unknown}
 r - a potion of berserk rage {unknown}
 z - a potion of invisibility {unknown}
 D - a potion of agility {unknown}
 F - a potion of might {unknown}
 I - a potion of flight {unknown}
Books
 b - a book of Changes

   Spells                             Type                      Level
   a - Beastly Appendage              Transmutation                1
   b - Sticks to Snakes               Transmutation                2
   c - Spider Form                    Transmutation/Poison         3
   d - Ice Form                       Ice/Transmutation            4
   e - Blade Hands                    Transmutation                5
Comestibles
 c - 5 bread rations
 f - a beef jerky
 o - 6 fruits
 p - 5 meat rations
 E - 4 chunks of flesh


   Skills:
 + Level 4.4 Fighting
 - Level 3.1 Dodging
 + Level 8.8 Unarmed Combat
 - Level 2.0 Spellcasting
 + Level 8.9 Transmutations
 + Level 5.2 Ice Magic
   Level 0.4 Poison Magic
 + Level 1.0 Invocations


You had 5 spell levels left.
You knew the following spells:

 Your Spells              Type           Power        Failure   Level  Hunger
a - Beastly Appendage     Trmt           #####.       1%          1    #......
b - Sticks to Snakes      Trmt           #####...     1%          2    ##.....
c - Ice Form              Ice/Trmt       ####....     10%         4    #####..


Dungeon Overview and Level Annotations

Branches:
Dungeon (9/15)             Temple (1/1) D:7
   Lair: D:8-11         Orc: D:9-12

Altars:
Ashenzari
Cheibriados
Dithmenos
Elyvilon
Fedhas
Gozag
Kikubaaqudgha
Makhleb
Nemelex Xobeh
Okawaru
Pakellas
Qazlal
Sif Muna
Trog
Vehumet
Xom
Yredelemnul
Zin
The Shining One

Shops:
D:3 }   D:9 %%(


Innate Abilities, Weirdness & Mutations

((You can breathe waves of freezing cold.))
((You can buffet flying creatures when you breathe cold.))
((Your icy white scales are hard (AC +7).))
Your body does not fit into most forms of armour.
((Your flesh is cold resistant.))
((You are cold-blooded and may be slowed by cold attacks.))


Message History

You kill the scorpion!
Okawaru accepts your kill. Something hits you but does no damage.
Something closely misses your water moccasin.
Your water moccasin barely misses something.
Unknown command.
You feel sick.
Your water moccasin closely misses something.
Something hits you but does no damage.
Your water moccasin misses something.
You feel sick. Something hits you.
* * * LOW HITPOINT WARNING * * *
Something hits you.
* * * LOW HITPOINT WARNING * * *
The hound misses your water moccasin. Something hits you.
* * * LOW HITPOINT WARNING * * *
You cannot move.
You feel sick. Something hits you but does no damage.
Your water moccasin barely misses the hound.
The hound bites you.
You die...

#.############......)#....####'##
.............#.8...8.#....#....#
.............##.....##....#....#
.............####.###.....#....#
....##...##..#............#....#
....##...##..###################
......∩..#.....#........
.........#.....'........
#...##...#.....#♣h..[...
#...#######.####S...##+# ....#
### #....# ........ .........
......... .......... .........
........... ###+####.
##...##.##.# #...# .# ## ..... ..


You could see a hound and a friendly water moccasin.

Vanquished Creatures
  A troll (D:9)
  A hippogriff (D:7)
  A wyvern (D:9)
  A water moccasin (D:6)
  Duvessa (D:5)
  4 orc warriors
  A phantom (D:7)
  A sky beast (D:7)
  A wasp (D:8)
  An eye of draining (D:8)
  3 ogres
  3 giant frogs
  3 scorpions
  3 crimson imps
  6 orc priests
  2 centaur skeletons
  A centaur zombie (D:8)
  2 giant frog skeletons
  A hound (D:7)
  A quasit (D:6)
  4 jellies
  6 orc wizards
  Terence (D:3)
  Crazy Yiuf (D:7)
  An iguana (D:6)
  A killer bee zombie (D:9)
  10 gnolls
  9 adders
  A shadow imp (D:5)
  An ooze (D:3)
  2 worms
  4 giant geckos
  24 orcs
  2 ball pythons (D:1)
  7 bats
  8 goblins
  9 hobgoblins
  11 jackals
  5 quokkas
  3 giant cockroaches
  A giant gecko zombie (D:6)
  7 giant newts
  9 kobolds
  3 rats
168 creatures vanquished.

Vanquished Creatures (collateral kills)
  Dowan (D:5)
  A scorpion (D:5)
  An orc wizard (D:3)
  An iguana (D:6)
  A killer bee zombie (D:6)
  4 orcs
9 creatures vanquished.

Grand Total: 177 creatures vanquished

Notes
Turn   | Place    | Note
--------------------------------------------------------------
     0 | D:1      | Morbidden the Draconian Transmuter began the quest for the Orb.
     0 | D:1      | Reached XP level 1. HP: 16/16 MP: 3/3
   114 | D:1      | Reached XP level 2. HP: 14/23 MP: 1/5
   337 | D:1      | Learned a level 2 spell: Sticks to Snakes
   706 | D:1      | Reached XP level 3. HP: 28/28 MP: 4/6
  1396 | D:3      | Noticed Terence
  1441 | D:3      | Reached XP level 4. HP: 33/35 MP: 7/7
  1695 | D:3      | Killed Terence
  1695 | D:3      | Reached skill level 4 in Transmutations
  1860 | D:3      | Found a glowing silver altar of Zin.
  1860 | D:3      | Found a basalt altar of Yredelemnul.
  2156 | D:3      | Found an oddly glowing altar of Pakellas.
  2156 | D:3      | Found Pakellas's Prime Provisions.
  2256 | D:4      | Reached XP level 5. HP: 40/40 MP: 6/8
  2439 | D:4      | Found a deep blue altar of Sif Muna.
  2492 | D:4      | Reached skill level 5 in Transmutations
  2799 | D:5      | Entered Level 5 of the Dungeon
  2808 | D:5      | Noticed Duvessa
  2808 | D:5      | Noticed Dowan
  2825 | D:5      | Reached XP level 6. HP: 47/47 MP: 7/9
  2844 | D:5      | Learned a level 3 spell: Spider Form
  3217 | D:5      | Reached skill level 6 in Transmutations
  3602 | D:5      | Killed Duvessa
  3602 | D:5      | Reached skill level 5 in Unarmed Combat
  3602 | D:5      | Your scales start taking on an icy white colour.
  3602 | D:5      | Gained mutation: Your flesh is cold resistant. [White Draconian growth]
  3602 | D:5      | Reached XP level 7. HP: 10/56 MP: 3/10
  3610 | D:5      | Killed Dowan
  3666 | D:5      | Learned a level 4 spell: Ice Form
  3795 | D:6      | Reached skill level 1 in Ice Magic
  4288 | D:7      | Found a staircase to the Ecumenical Temple.
  4297 | Temple   | Entered the Ecumenical Temple
  4396 | Temple   | Became a worshipper of Warmaster Okawaru
  4420 | D:7      | Reached skill level 7 in Transmutations
  4420 | D:7      | Reached XP level 8. HP: 62/62 MP: 11/11
  4746 | D:7      | Reached * piety under Okawaru
  4786 | D:7      | Noticed Crazy Yiuf
  4790 | D:7      | Killed Crazy Yiuf
  5061 | D:7      | Reached skill level 8 in Transmutations
  5795 | D:6      | Reached XP level 9. HP: 56/70 MP: 12/12
  6182 | D:8      | Reached ** piety under Okawaru
  6182 | D:8      | Reached skill level 1 in Invocations
  6304 | D:8      | Found a radiant altar of Vehumet.
  6409 | D:8      | Found a snail-covered altar of Cheibriados.
  6985 | D:9      | Found a basalt altar of Yredelemnul.
  7059 | D:9      | Found Heequide's Food Shop.
  7125 | D:9      | Reached skill level 5 in Ice Magic
  7145 | D:9      | Found an opulent altar of Gozag.
  7179 | D:9      | Found Rany's Antique Weapon Shoppe.
  7268 | D:9      | HP: 2/85 [troll (5)]
  7407 | D:9      | Found Daclih Vaew's Food Shoppe.
  7449 | D:9      | HP: 5/108 [something (6)]
  7450 | D:9      | Slain by a hound

Vault maps used:
D:1:      tarquinn_simple_flora_water_f, hex_intersection, st_stairs_6
D:2:      kennysheep_generic_room_7
D:3:      johnstein_pakellas_shop, gammafunk_temple_overflow_elements,
          first_bread, uniq_terence
D:4:      lemuel_doored_altar
D:5:      uniq_duvessa
D:7:      temple_fountains, uniq_crazy_yiuf_cottage
D:8:      vehumet_altar_wand_db, lemuel_round_altar
D:9:      old_standard_altar, grunt_gozag_statues, basic_altar, serial_shops,
          shop, shop, shop
Temple:   zaba_magenta_temple_12

Action                   |  1- 3 |  4- 6 |  7- 9 || total
-------------------------+-------+-------+-------++-------
Melee: Unarmed           |   195 |   209 |   358 ||   762
 Cast: Beastly Appendage |    32 |    20 |    16 ||    68
       Sticks to Snakes  |     1 |    14 |    10 ||    25
       Spider Form       |       |     4 |     2 ||     6
       Ice Form          |       |       |    17 ||    17
Invok: Heroism           |       |       |     1 ||     1
 Abil: Breathe Frost     |       |       |     6 ||     6
  Use: Potion            |       |     2 |    13 ||    15
       Scroll            |       |       |     5 ||     5
 Stab: Distracted        |       |     2 |       ||     2
       Sleeping          |       |     1 |     1 ||     2
  Eat: Chunk             |     3 |     8 |    19 ||    30
       Pizza             |       |       |     1 ||     1
